 Dungeon Crawl Stone Soup version 0.30-a0-3-gc9032a9cac (webtiles) character file.

Game seed: 10488574892386965524

13 jvdsbvj the Sneak (level 2, 0/13 HPs)
             Began as a Spriggan Enchanter on Aug 20, 2022.
             Slain by a bat (1 damage)
             ... on level 2 of the Dungeon.
             The game lasted 00:01:19 (230 turns).

jvdsbvj the Sneak (Spriggan Enchanter)               Turns: 230, Time: 00:01:19

Health: 0/13       AC:  2    Str:  4    XL:     2   Next: 24%
Magic:  7/7        EV: 17    Int: 16    God:
Gold:   12         SH:  0    Dex: 15    Spells: 5/7 levels left

rFire   . . .      SeeInvis +    a - +1 dagger
rCold   . . .      Faith    .    (no shield)
rNeg    . . .      Spirit   .    b - +0 robe
rPois   .          Reflect  .    (helmet restricted)
rElec   .          Harm     .    (no cloak)
rCorr   .          Rampage  .    (gloves unavailable)
Will    .....                    (boots unavailable)
Stlth   +++.......               (no amulet)
HPRegen 0.04/turn                (no ring)
MPRegen 0.10/turn                (no ring)

@: about to teleport, invisible, very quick
A: very small, no large weapons, unfitting armour, see invisible, speed 3
a: no special abilities


You were on level 2 of the Dungeon.
You visited 1 branch of the dungeon, and saw 2 of its levels.

You collected 12 gold pieces.

Inventory:

Hand Weapons
 a - a +1 dagger (weapon)
Armour
 b - a +0 robe (worn)
Potions
 c - a potion of invisibility


   Skills:
 - Level 1.1 Short Blades
 - Level 2.6 Dodging
 - Level 4.4 Stealth
 + Level 3.3 Spellcasting
 + Level 4.1 Hexes


You had 5 spell levels left.
You knew the following spells:

 Your Spells              Type           Power      Damage    Failure   Level
a - Ensorcelled Hibernat  Hex/Ice        18%        N/A       12%         2

Your spell library contained the following spells:

 Spells                   Type           Power      Damage    Failure   Level
 Confusing Touch          Hex            15%        N/A       10%         3
 Tukima's Dance           Hex            15%        N/A       10%         3
 Dazzling Flash           Conj/Hex       18%        N/A       24%         3


Dungeon Overview and Level Annotations

Branches:
Dungeon (2/15)

Altars:


Innate Abilities, Weirdness & Mutations

You are very small and have problems with some larger weapons.
You are too small for most types of armour.
You have supernaturally acute eyesight. (SInv)
You cover ground extremely quickly. (Speed+++)


Message History

The bat closely misses you.
An adder comes into view.
Found a pair of boots and a scroll labelled ARRAIHI DINIGU.
A bat comes into view.
The bat hits you.
* * * LOW HITPOINT WARNING * * *
The adder barely misses you. The bat attacks as you move away!
The bat misses you. The bat hits you but does no damage.
A worm comes into view.
Okay, then.
Unknown command.
The bat hits you.
* * * LOW HITPOINT WARNING * * *
The bat misses you. The bat closely misses you. The bat barely misses you.
You fade into invisibility!
The bat misses you. The bat attacks as you move away!
The bat completely misses you. The bat hits you but does no damage.
The bat barely misses you. The bat misses you.
The bat attacks as you move away! The bat misses you.
The bat attacks as you move away! The bat barely misses you.
Found a scroll labelled NIUL ARRIPH.
The bat attacks as you move away! The bat barely misses you.
An orc comes into view. It is wielding a +0 club.
The bat attacks as you move away! The bat completely misses you.
The bat hits you but does no damage. The bat misses you.
The bat attacks as you move away! The bat hits you but does no damage.
The bat barely misses you. The bat completely misses you.
The bat attacks as you move away! The bat misses you. The bat hits you.
* * * LOW HITPOINT WARNING * * *
The bat hits you.
* * * LOW HITPOINT WARNING * * *
The bat barely misses you.
You see here a scroll labelled NIUL ARRIPH.
As you read the scroll labelled YTTOERCH QURAW, it crumbles to dust.
You feel strangely unstable.
It was a scroll of teleportation.
The bat misses you. The bat hits you.
You die...

####### .....#
#..### #.@bb#####.
###b.#.....
###........ #
#....o..###
......#S.....#
......#.####...
.##.#####.....###..
...#####.###..# #.
...........#S##


You could see an adder (wandering, unable to see you), an orc (asleep) and 3
bats.

Vanquished Creatures
  A giant cockroach (D:1)
  2 hobgoblins (D:1)
  3 kobolds (D:1)
  2 bats (D:1)
  2 frilled lizards (D:1)
  2 rats (D:1)
12 creatures vanquished.

Notes
Turn   | Place    | Note
-------+----------+-------------------------------------------
     0 | D:1      | jvdsbvj the Spriggan Enchanter began the quest for the Orb.
     0 | D:1      | Reached XP level 1. HP: 9/9 MP: 5/5
   155 | D:1      | Reached XP level 2. HP: 10/13 MP: 7/7
   181 | D:1      | Learned a level 2 spell: Ensorcelled Hibernation
   230 | D:2      | Slain by a bat

Illustrated notes

Levels and vault maps discovered:
D:1:      amcnicky_arrival_choice, layout_rooms
D:2:      layout_rooms

Skill      XL: |  1 |
---------------+----+-----
Spellcasting   | 3 |  3.3
Hexes          | 4 |  4.1
Short Blades   | |  1.1
Dodging        | |  2.6
Stealth        | |  4.4

Action                   || total
-------------------------++-------
Melee: Dagger            ||    34
  Use: Scroll            ||     1
       Potion            ||     1
 Stab: Sleeping          ||     6
Armor: Robe              ||    12
Dodge: Dodged            ||    57

Table legend: (Time is in decaauts)
 A = Elapsed time spent in this place.
 B = Non-inter-level travel time spent in this place.
 C = Inter-level travel time spent in this place.
 D = Time resting spent in this place.
 E = Time spent auto-exploring this place.
 F = Levels seen in this place.
 G = Mean time per level.
                   A        B        C        D        E       F      G
               +--------+--------+--------+--------+--------+-----+--------+
         Total |    153 |    153 |      0 |      0 |     55 |   2 |   76.5 |
       Dungeon |    153 |    153 |      0 |      0 |     55 |   2 |   76.5 |
               +--------+--------+--------+--------+--------+-----+--------+

Top non-repeatable levels by time:
     D:1: 137 daAuts
     D:2: 15 daAuts
